[Event "*** Titled Tuesday Blitz"]
[Site "Chess.com"]
[Date "2019.07.02"]
[Round "9"]
[White "johnathan113"]
[Black "temus_galaktionov"]
[Result "1-0"]
[WhiteElo "2724"]
[BlackElo "2543"]
[TimeControl "180+2"]
[EndTime "15:04:58 PDT"]
[Termination "johnathan113 won by checkmate"]

1. c4 c6 2. Nf3 g6 3. g3 Bg7 4.
Bg2 d6 5. O-O Nf6 6. Nc3 O-O 7. d3 e5 8. Rb1 a5 9. a3 Bf5 10. Bg5 Nbd7 11. b4 axb4 12. axb4 h6 13. Bxf6 Nxf6 14. b5 Ra3 15. Rb3 Qa5 16. Nd2 Bd7 17.
bxc6 bxc6 18. Rxa3 Qxa3 19. Qa1 Ra8 20. Qxa3 Rxa3 21.
Nce4 Ne8 22. Rb1 f5 23. Rb7 Ra1+ 24. Nf1 Be6 25. Re7 Bf7 26. Nd2 Bf6 27. Rb7 Ra6 28. Rb8 Kf8 29. Rc8 d5 30. cxd5 cxd5 31. Ne3 Bg5 32.
Bxd5 Bxe3 33. Bxf7 Bxf2+ 34. Kxf2 Kxf7 35. Nc4 Re6 36. Ra8 Kf6 37. e4 Nd6 38. Nxd6 Rxd6 39. Ke3 Rb6 40. Rf8+ Kg5 41. Re8 Rb5 42. Re6 Ra5 43. h4+ Kh5 44. Rf6 fxe4 45. Kxe4 g5 46. hxg5 hxg5 47. Kf5 e4+ 48. Kxe4 Kg4 49. d4 Kxg3 50.
d5 Ra1 51. Rf3+ Kg2 52. d6 g4 53. Rd3 Ra8 54. Kf4 Ra4+ 55. Kf5 g3 56. d7 Ra8 57. d8=Q Rxd8 58. Rxd8 Kh1 59. Rh8+ Kg1 60. Kg4 g2 61. Kh3 Kf1 62. Rf8+ Kg1 63. Kg3 Kh1 64. Rh8+ Kg1 65. Rh2 Kf1 66. Rxg2 Ke1 67. Rf2 Kd1 68. Kf3 Kc1 69. Re2 Kd1 70. Ke3 Kc1 71. Kd3 Kd1 72. Ke3 Kc1 73. Rd2 Kb1 74. Kd3 Kc1 75.
Kc3 Kb1 76. Rc2 Ka1 77. Kb4 Kb1 78. Kb3 Ka1 79. Rc1# 1-0

[Event "*** Titled Tuesday Blitz"]
[Site "Chess.com"]
[Date "2019.07.02"]
[Round "9"]
[White "KamilPlichta"]
[Black "vlad_Sid"]
[Result "0-1"]
[WhiteElo "2776"]
[BlackElo "2576"]
[TimeControl "180+2"]
[EndTime "15:04:58 PDT"]
[Termination "vlad_Sid won on time"]

1. d4 Nf6 2. Bg5 d5 3. e3 c5 4. Bxf6 exf6 5. c3 Nc6 6. Nd2 Be6 7. Ngf3 Bd6 8. dxc5 Bxc5 9. Nb3 Bb6 10. Nbd4 O-O 11. Be2 Qd6 12. O-O Rfe8 13. Qd2 a6 14. Rad1 Rad8 15. Rfe1 g6 16. g3 Kg7 17. Bf1 Bg4 18.
Bg2 Bxd4 19. exd4 Qd7 20. Rxe8 Rxe8 21. Re1 Bxf3 22. Bxf3 Rxe1+ 23. Qxe1 f5 24. Kg2 g5 25. Qe3 f6 26. Bh5 Ne7 27. Bd1 Ng6 28. f4 g4 29. Bc2 Kf7 30. Bd3 Ne7 31. b3 b5 32.
Kf2 Nc8 33. Qc1 Nd6 34. Qa3 Qc6 35. Qb4 Ne4+ 36. Bxe4 fxe4 37. Ke3 Kg6 38. a4 bxa4 39. bxa4 Qc7 40. a5 Qc6 41. Qc5 Qa4 42. Qf8 Qd1 43.
Qg8+ Kh6 44. Qf8+ Kg6 45. Qe8+ Kg7 46. Qd7+ Kh6 47. f5 Qf3+ 48. Kd2 Qd3+ 49. Kc1 Qxc3+ 50. Kb1 Qxd4 51. Qf7 Qg1+ 52. Ka2 Qxh2+ 53. Ka1 Qg1+ 54. Ka2 Qf2+ 55. Ka1 Qe1+ 56. Kb2 Qd2+ 57. Kb3 Qd3+ 58. Kb4 Qd4+ 59. Ka3 Kg5 60. Qxh7 Qc3+ 61. Ka4 Qxg3 62. Qg6+ Kf4 63. Qxf6 Qf3 64. Qe6 g3 65. f6 g2 66. f7 Ke3 67. Qb6+ Kd2 68. Qh6+ Ke1 69. Qc1+ Kf2 70. Qd2+ Kg3 71. Qg5+ Kf2 72. Qd2+ Kg1 73. Qd4+ Kh2 74. Qh8+ Qh3 75. Qe5+ Kh1 76. f8=Q g1=Q 77. Qb2 Qd1+ 78. Kb4 Qe1+ 0-1

[Event "*** Titled Tuesday Blitz"]
[Site "Chess.com"]
[Date "2019.07.02"]
[Round "9"]
[White "Alex_Terzi"]
[Black "M1711"]
[Result "1/2-1/2"]
[WhiteElo "2465"]
[BlackElo "2492"]
[TimeControl "180+2"]
[EndTime "15:05:04 PDT"]
[Termination "Game drawn - insufficient material"]

1. d4 Nf6 2. Bf4 d5 3. e3 c5 4. c3 Nc6 5. Nd2 e6 6. Ngf3 cxd4 7. exd4 Nh5 8. Be3 Bd6 9. Bd3 Nf4 10. Bxf4 Bxf4 11.
O-O O-O 12. Re1 f6 13. Nf1 Bc7 14. Bc2 e5 15. dxe5 fxe5 16. Bb3 Be6 17. Ne3 Ne7 18. Ng5 Bd7 19. Nxd5 Kh8 20. Qh5 h6 21. Nf7+ Rxf7 22. Qxf7 Nxd5 23. Bxd5 Bb6 24. Rad1 Qf8 25. Qxd7 Bxf2+ 26. Kh1 Bxe1 27. Rxe1 Qf2 28. Rg1 Rb8 29. Qc7 Rf8 30.
Qxb7 Qe2 31. Bf3 Qf2 32. c4 Rd8 33. c5 Qxc5 34. Re1 Qf2 35. Qe4 Qxb2 36. Qxe5 Qxa2 37. h4 Qf2 38. h5 Qh4+ 39. Kg1 Qb4 40. Qe3 Rf8 41.
Rc1 a5 42. Rc7 Qb1+ 43. Kh2 Qf5 44. Qe7 Qf4+ 45. Kg1 Rg8 46. Ra7 a4 47. Ra8 Qc1+ 48. Kh2 Qf4+ 49. Kh3 Rxa8 50. Bxa8 Qf5+ 51. Kh2 Qxh5+ 52.
Kg1 Qd1+ 53. Kf2 Qd4+ 54. Qe3 Qb2+ 55. Kg1 Qa1+ 56. Kf2 Qb2+ 57. Qe2 Qb8 58. Be4 a3 59. Qa2 Qf4+ 60. Bf3 Qd4+ 61. Kg3 Qe5+ 62. Kf2 Qd4+ 63. Kf1 Qb4 64. Qe6 Qb1+ 65. Kf2 Qb2+ 66. Kg3 Qb8+ 67. Kh3 Qd8 68. Bd5 Qb8 69. g3 Qd8 70. Ba2 Qb8 71.
Qe4 Qc8+ 72. Kh2 Qb8 73. Bb1 Kg8 74. Qh7+ Kf7 75. Ba2+ Kf6 76. Qg8 Qxg8 77. Bxg8 Ke5 78.
Kh3 h5 79. Kh4 g6 80. Kg5 Ke4 81. Kxg6 Kf3 82. Kxh5 a2 83. Bxa2 Kxg3 1/2-1/2

[Event "*** Titled Tuesday Blitz"]
[Site "Chess.com"]
[Date "2019.07.02"]
[Round "9"]
[White "GMKrikor"]
[Black "riconaipe"]
[Result "1-0"]
[WhiteElo "2707"]
[BlackElo "2494"]
[TimeControl "180+2"]
[EndTime "15:05:35 PDT"]
[Termination "GMKrikor won by resignation"]

1. c4 c6 2. g3 d5 3. Bg2 Nf6 4. Nf3 g6 5. b3 Bg7 6. Bb2 O-O 7. O-O a5 8. Nc3 Na6 9. Rc1 d4 10. Na4 c5 11. e3 Bd7 12. exd4 Bxa4 13. bxa4 Ne8 14. Qb3 cxd4 15. c5 Rc8 16. Ba3 Qc7 17.
Rfe1 e5 18. Ng5 Nf6 19. Qxb7 Nb4 20. Qxc7 Rxc7 21. Bxb4 axb4 22. Rxe5 Nd7 23. Re7 Bf6 24. Rxd7 Rxd7 25. Ne4 Be7 26. d3 Ra7 27. c6 Rc8 28. Nd2 Rxa4 29. Bd5 Ra5 30. Bb3 Rc5 31. Rxc5 Bxc5 32. Bd5 Kf8 33. Kg2 Ke7 34. Nc4 Ra8 35. Nd2 Kd6 36. Bxf7 Kxc6 37. Ne4 Ra3 38. Bb3 Be7 39.
h4 Ra5 40. Bg8 h6 41. Bb3 Ra7 42. Nd2 Kc5 43. Ne4+ Kc6 44. Nd2 Bd6 45. Ne4 Re7 46.
f4 Bc7 47. Kf3 h5 48. Bc4 Bd6 49. Bb3 Bc7 50. Ba4+ Kd5 51. Bc2 Bb6 52. Bb3+ Kc6 53. Ke2 Ra7 54. Kf3 Ra3 55. g4 hxg4+ 56. Kxg4 Bc7 57.
Ng5 Ra5 58. Ne6 Bb6 59. Nf8 Rc5 60. Nxg6 Rc1 61. h5 Kd6 62. Kf5 Rh1 63. Kg4 Bd8 64.
Ne5 Bf6 65. Nf7+ Ke7 66. h6 Rg1+ 67. Kf5 Rh1 68. Kg6 Rh3 69. Bc4 Rh2 70. Ng5 Rh1 71.
h7 Rc1 72. Ne4 Bh8 73. Bb3 Rg1+ 74. Kf5 Rh1 75. Ng5 Rh2 76. Ke4 Bf6 77. Bg8 Kf8 78.
Ne6+ Ke7 79. Nxd4 Bxd4 80. Kxd4 Kf6 81. Ke4 Rh4 82. d4 Kg7 83. d5 Rh1 84. d6 Rd1 85. Ke5 Re1+ 86. Kd5 Ra1 87. Kc5 b3 88. axb3 Rf1 89.
d7 Rd1 90. Bd5 1-0

[Event "*** Titled Tuesday Blitz"]
[Site "Chess.com"]
[Date "2019.07.02"]
[Round "10"]
[White "PaulfromSPb"]
[Black "GremioPrudente"]
[Result "1/2-1/2"]
[WhiteElo "2591"]
[BlackElo "2234"]
[TimeControl "180+2"]
[EndTime "15:07:02 PDT"]
[Termination "Game drawn by agreement"]

1. Nc3 e6 2. Nf3 d5 3. e4 Nf6 4. exd5 exd5 5. Ne2 Bg4 6. Nfg1 Bd6 7. h3 Bxe2 8. Bxe2 O-O 9. Nf3 Nc6 10. O-O Re8 11.
Re1 1/2-1/2

[Event "*** Titled Tuesday Blitz"]
[Site "Chess.com"]
[Date "2019.07.02"]
[Round "10"]
[White "731291"]
[Black "Grischuk"]
[Result "1-0"]
[WhiteElo "2702"]
[BlackElo "3053"]
[TimeControl "180+2"]
[EndTime "15:08:37 PDT"]
[Termination "731291 won by resignation"]

1. e4 c5 2. Nf3 Nc6 3. d4 cxd4 4. Nxd4 Nf6 5. Nc3 e5 6. Ndb5 d6 7. Bg5 a6 8. Na3 b5 9. Nd5 Be7 10. Bxf6 Bxf6 11. c3 Rb8 12. Nc2 O-O 13. Bd3 Bg5 14.
O-O Be6 15. Ncb4 Nxb4 16. Nxb4 Qb6 17. Bc2 a5 18. Nd5 Qb7 19. Qh5 Bxd5 20. exd5 Bd8 1-0

[Event "*** Titled Tuesday Blitz"]
[Site "Chess.com"]
[Date "2019.07.02"]
[Round "10"]
[White "PNEPaul"]
[Black "juniortay"]
[Result "0-1"]
[WhiteElo "1826"]
[BlackElo "2425"]
[TimeControl "180+2"]
[EndTime "15:08:54 PDT"]
[Termination "juniortay won by resignation"]

1. e4 e5 2. Nf3 Nf6 3. Nxe5 Nc6 4. Nxf7 Kxf7 5. d4 d5 6. e5 Ne4 7. Be2 Qh4 8. O-O Be7 9. f4 Rf8 10. f5 Kg8 11. g3 Nxg3 12. hxg3 Qxg3+ 13. Kh1 Bxf5 14. Bf3 Be4 15. Bxe4 dxe4 16. c3 Rxf1+ 17. Qxf1 Rf8 18. Qg2 Qe1+ 19. Qg1 Rf1 0-1

[Event "*** Titled Tuesday Blitz"]
[Site "Chess.com"]
[Date "2019.07.02"]
[Round "10"]
[White "Jospem"]
[Black "MathiasWomacka"]
[Result "1-0"]
[WhiteElo "2836"]
[BlackElo "2318"]
[TimeControl "180+2"]
[EndTime "15:09:25 PDT"]
[Termination "Jospem won by resignation"]

1. a3 c5 2. Ra2 d5 3. Ra1 e5 4.
d3 Nc6 5. Nd2 f5 6. e4 Nf6 7.
exd5 Qxd5 8. Ngf3 Be7 9. Nc4 e4 10. dxe4 Qxd1+ 11. Kxd1 Nxe4 12. Ke1 O-O 13. Nce5 Nxe5 14.
Nxe5 Bf6 15. Bc4+ Kh8 16. Nf7+ Rxf7 17. Bxf7 Bd7 18. f3 Nd6 19. Bd5 Re8+ 20. Kd1 b5 21. Bf4 Nc4 22. Bxc4 bxc4 23. Re1 Rd8 24. Kc1 c3 25.
Be5 cxb2+ 26. Kxb2 1-0

[Event "*** Titled Tuesday Blitz"]
[Site "Chess.com"]
[Date "2019.07.02"]
[Round "10"]
[White "MasterKroket"]
[Black "playerorkinyo"]
[Result "1/2-1/2"]
[WhiteElo "2389"]
[BlackElo "2402"]
[TimeControl "180+2"]
[EndTime "15:09:31 PDT"]
[Termination "Game drawn by agreement"]

1. d4 Nf6 2. c4 g6 3. Nc3 d5 4. cxd5 Nxd5 5. e4 Nxc3 6. bxc3 Bg7 7. Be3 c5 8. Qd2 Qa5 9. Nf3 Nc6 10. Rb1 a6 11. Rc1 f5 12. e5 f4 13. Bxf4 Bg4 14.
Be3 Rd8 15. Be2 cxd4 16. Nxd4 Bxe2 17. Kxe2 Nxe5 18. Rhd1 O-O 19. Qc2 Qd5 20. Qb3 Qxb3 21. axb3 Rd6 1/2-1/2

[Event "*** Titled Tuesday Blitz"]
[Site "Chess.com"]
[Date "2019.07.02"]
[Round "10"]
[White "Everyfishknows"]
[Black "dolynachess"]
[Result "0-1"]
[WhiteElo "2272"]
[BlackElo "2468"]
[TimeControl "180+2"]
[EndTime "15:10:26 PDT"]
[Termination "dolynachess won by resignation"]

1. d4 Nf6 2. c4 c5 3. Nf3 cxd4 4. Nxd4 e5 5. Nb5 d5 6. cxd5 Bc5 7. e3 O-O 8. Be2 Nxd5 9. O-O Nc6 10. N5c3 Be6 11.
Nxd5 Bxd5 12. Nc3 Be6 13. b3 Rc8 14. Qxd8 Rfxd8 15. Bb2 Rd2 16. Rab1 Bb4 17. Bc1 Rc2 18. Bb2 Bxc3 19. Bd1 Rxb2 0-1

[Event "*** Titled Tuesday Blitz"]
[Site "Chess.com"]
[Date "2019.07.02"]
[Round "10"]
[White "hermionegrangermagic"]
[Black "Nightlord1"]
[Result "1-0"]
[WhiteElo "2390"]
[BlackElo "2189"]
[TimeControl "180+2"]
[EndTime "15:10:32 PDT"]
[Termination "hermionegrangermagic won by checkmate"]

1. e4 e5 2. Nf3 d5 3. Nxe5 dxe4 4. Bc4 Qg5 5. d4 Qxg2 6. Bxf7+ Ke7 7. Kd2 Nd7 8. Bxg8 Nxe5 9. dxe5 Rxg8 10. Qf1 Qf3 11.
Nc3 Bh3 12. Nd5+ Ke8 13. Qb5+ c6 14. Qxb7 Qxf2+ 15. Kc3 Qc5+ 16. Kd2 Qxd5+ 17. Ke1 Rd8 18.
Bg5 Be7 19. Qxe7# 1-0

[Event "*** Titled Tuesday Blitz"]
[Site "Chess.com"]
[Date "2019.07.02"]
[Round "10"]
[White "Pechen_Yeltsina"]
[Black "BlackBoarder"]
[Result "1/2-1/2"]
[WhiteElo "2650"]
[BlackElo "2506"]
[TimeControl "180+2"]
[EndTime "15:10:58 PDT"]
[Termination "Game drawn by agreement"]

1. Nf3 Nf6 2. g3 g6 3. Bg2 Bg7 4. O-O O-O 5. d3 d5 6. Nbd2 c5 7. e4 Nc6 8. Re1 dxe4 9. dxe4 Ng4 10. h3 Nge5 11. Nxe5 Nxe5 12. f4 Nc6 13. c3 e5 14.
Nc4 Be6 15. Ne3 Qxd1 16. Rxd1 Rfd8 17. Nd5 Rd7 18. Be3 b6 19. Rd2 Rad8 20. Rad1 Kf8 1/2-1/2

[Event "*** Titled Tuesday Blitz"]
[Site "Chess.com"]
[Date "2019.07.02"]
[Round "10"]
[White "severomorskij"]
[Black "eldur16"]
[Result "1-0"]
[WhiteElo "2846"]
[BlackElo "2593"]
[TimeControl "180+2"]
[EndTime "15:11:01 PDT"]
[Termination "severomorskij won by resignation"]

1. d4 Nf6 2. Bg5 c5 3. Nc3 cxd4 4. Qxd4 Nc6 5. Qh4 e6 6. e4 Be7 7. f4 d6 8. O-O-O Qb6 9. Nf3 a6 10. e5 dxe5 11. fxe5 Nd7 12. Bxe7 Nxe7 13. Bd3 Nc5 14. Ng5 h6 15. Nxf7 Nxd3+ 16. Rxd3 Kxf7 17. Rf1+ Ke8 18. Ne4 Nd5 19. Nd6+ Kd7 20. Rf7+ Kc6 21. Qa4+ 1-0

[Event "*** Titled Tuesday Blitz"]
[Site "Chess.com"]
[Date "2019.07.02"]
[Round "10"]
[White "SavelievAlexei"]
[Black "axvesik"]
[Result "0-1"]
[WhiteElo "2360"]
[BlackElo "2435"]
[TimeControl "180+2"]
[EndTime "15:11:02 PDT"]
[Termination "axvesik won by resignation"]

1. e4 e6 2. d4 d5 3. Nc3 Bb4 4. e5 Qd7 5. Qg4 Bf8 6. Qd1 b6 7. Nf3 Ba6 8. Bxa6 Nxa6 9. O-O c5 10. a4 Nc7 11. Be3 Ne7 12. dxc5 Nf5 13. cxb6 Nxe3 14.
fxe3 axb6 15. e4 Bc5+ 16. Kh1 d4 17. Nb5 Nxb5 18. axb5 Rxa1 19. Qxa1 O-O 20. Qa4 d3 21. Rd1 dxc2 22. Qxc2 Qxb5 23. g3 h6 24. Kg2 Ra8 25.
g4 Ra2 26. Rd2 Ra1 27. Re2 Rc1 28. Qd2 Bb4 29. Qd8+ Kh7 30. Rf2 Bc5 31. Qd2 Bxf2 32. Qd1 Rxd1 0-1

[Event "*** Titled Tuesday Blitz"]
[Site "Chess.com"]
[Date "2019.07.02"]
[Round "10"]
[White "Korchmar_Vasiliy"]
[Black "enriquetejedor"]
[Result "1-0"]
[WhiteElo "2750"]
[BlackElo "2601"]
[TimeControl "180+2"]
[EndTime "15:11:04 PDT"]
[Termination "Korchmar_Vasiliy won on time"]

1. d4 Nf6 2. c4 e6 3. g3 d5 4. Bg2 Bb4+ 5. Nd2 O-O 6. Nf3 dxc4 7.
Qc2 b5 8. a4 c6 9. axb5 cxb5 10. Ng5 h6 11. h4 g6 12. Nxf7 Kxf7 13. Bxa8 Qxd4 14. O-O a5 15. Nf3 Qa7 16. Be4 Nxe4 17. Qxe4 Kg7 18. Be3 Qb7 19. Bd4+ Kh7 20. Qe3 Nc6 21.
Bc5 Bxc5 22. Qxc5 e5 23. Qxf8 Bh3 24. Rfd1 Nd4 25. Rxd4 1-0

[Event "*** Titled Tuesday Blitz"]
[Site "Chess.com"]
[Date "2019.07.02"]
[Round "10"]
[White "ozates"]
[Black "LisikValera"]
[Result "0-1"]
[WhiteElo "2322"]
[BlackElo "2461"]
[TimeControl "180+2"]
[EndTime "15:11:14 PDT"]
[Termination "LisikValera won by resignation"]

1. e4 e6 2. d4 d5 3. Nd2 Nc6 4. Ngf3 Nf6 5. e5 Nd7 6. b3 f6 7.
Bb2 fxe5 8. dxe5 Be7 9. Bd3 O-O 10. a3 Nc5 11. Qe2 Nxd3+ 12. cxd3 Bd7 13. b4 a6 14. O-O Be8 15. Qe3 Bg6 16. Nd4 Nxd4 17. Bxd4 Qd7 18. Nb3 b6 19. f4 Qb5 20. Rac1 c5 21. bxc5 Qxb3 22. cxb6 Qxd3 23. b7 Qxe3+ 24. Bxe3 Rab8 25. Rc7 Bd8 26. Rd7 Be8 27. Rxd8 Rxd8 28. Ba7 Bc6 29.
Rb1 Bxb7 30. Rxb7 Rxf4 31. Bb6 Rdf8 32. h3 R4f7 0-1

[Event "*** Titled Tuesday Blitz"]
[Site "Chess.com"]
[Date "2019.07.02"]
[Round "10"]
[White "vlad_Sid"]
[Black "rasmussvane"]
[Result "0-1"]
[WhiteElo "2574"]
[BlackElo "2890"]
[TimeControl "180+2"]
[EndTime "15:11:28 PDT"]
[Termination "rasmussvane won by resignation"]

1. c4 e6 2. g3 d5 3. Bg2 Nf6 4. Nf3 dxc4 5. Qa4+ Bd7 6. Qxc4 c5 7. Ne5 Qc8 8. O-O Nc6 9. Nxd7 Qxd7 10. b3 Be7 11. Bb2 O-O 12. d3 Rfd8 13. Qc2 Rac8 14. Nc3 b6 15. Qd2 Nd5 16. Rac1 Bf6 17. Nxd5 Bxb2 18. Qxb2 exd5 19. a3 a5 20. e3 d4 21. Bxc6 Rxc6 22. exd4 Qxd4 23. Qe2 Re6 24. Qf3 g6 25. Rfd1 Qb2 26.
Rc4 Qxb3 27. a4 Red6 28. Rf4 Rxd3 29. Rxd3 Rxd3 30. Qa8+ Kg7 31. Qc6 Rd1+ 32. Kg2 Qd5+ 0-1

[Event "*** Titled Tuesday Blitz"]
[Site "Chess.com"]
[Date "2019.07.02"]
[Round "10"]
[White "wonderfultime"]
[Black "swisspower96"]
[Result "1-0"]
[WhiteElo "2905"]
[BlackElo "2727"]
[TimeControl "180+2"]
[EndTime "15:11:34 PDT"]
[Termination "wonderfultime won by resignation"]

1. Nf3 d5 2. c4 d4 3. b4 f6 4. e3 e5 5. c5 a5 6. Qa4+ Bd7 7. b5 Bxc5 8. Bc4 Nh6 9. exd4 exd4 10. O-O Kf8 11. Ba3 b6 12. Nxd4 Qe7 13. Bd5 Ra7 14. Bxc5 Qxc5 15. Nc3 Na6 16. bxa6 Bxa4 17. Ne6+ Ke7 18.
Nxc5 Bc2 19. Rfe1+ Kd6 20. Rac1 Kxc5 21. Rxc2 b5 22.
Bb7 1-0

[Event "*** Titled Tuesday Blitz"]
[Site "Chess.com"]
[Date "2019.07.02"]
[Round "10"]
[White "Zq1"]
[Black "Barrelius"]
[Result "1-0"]
[WhiteElo "2575"]
[BlackElo "2579"]
[TimeControl "180+2"]
[EndTime "15:11:43 PDT"]
[Termination "Zq1 won by resignation"]

1. d4 d5 2. c4 e6 3. Nc3 Nf6 4. Nf3 Be7 5. Bf4 O-O 6. e3 b6 7. cxd5 Nxd5 8. Nxd5 Qxd5 9. Bd3 Ba6 10. O-O c5 11.
Bxa6 Nxa6 12. dxc5 bxc5 13. Qa4 Qb7 14. Qb3 Qxb3 15. axb3 Nb4 16. Rfd1 Bf6 17. Be5 a6 18. Bxf6 gxf6 19. Nd2 Rfd8 20. Ne4 Nd3 21. Nxf6+ Kg7 22. Ne4 f5 23. Ng5 Kf6 24. f4 h6 25. Nf3 Nxb2 26.
Rxd8 Rxd8 27. Rxa6 Rd3 28. Ne5 Rxb3 29. Ra7 1-0

[Event "*** Titled Tuesday Blitz"]
[Site "Chess.com"]
[Date "2019.07.02"]
[Round "10"]
[White "Aleksandr_Kholin"]
[Black "TheCavemanChesss"]
[Result "1-0"]
[WhiteElo "2408"]
[BlackElo "2428"]
[TimeControl "180+2"]
[EndTime "15:11:52 PDT"]
[Termination "Aleksandr_Kholin won by resignation"]

1. Nf3 d5 2. d4 Nf6 3. Bf4 c5 4. e3 Nc6 5. c3 Qb6 6. Qb3 c4 7.
Qc2 Bf5 8. Qc1 e6 9. Nh4 Be4 10.
f3 Bg6 11. Nxg6 hxg6 12. Bg3 Rc8 13. Nd2 Nh5 14. Bf2 Bd6 15. h4 Ng3 16. Rh3 Nxf1 17. Kxf1 Qd8 18. e4 Be7 19. b4 cxb3 20. axb3 e5 21.
exd5 Nxd4 22. Qb2 Nf5 23. c4 Kf8 24. Ne4 b5 25. Rxa7 bxc4 26. bxc4 Rxc4 27. Kg1 Qxd5 28.
Qb8+ Qd8 29. Ra8 Rc1+ 30. Kh2 Rd1 31. Bb6 1-0

[Event "*** Titled Tuesday Blitz"]
[Site "Chess.com"]
[Date "2019.07.02"]
[Round "10"]
[White "NM2019"]
[Black "chesstatour"]
[Result "1-0"]
[WhiteElo "2148"]
[BlackElo "2031"]
[TimeControl "180+2"]
[EndTime "15:11:54 PDT"]
[Termination "NM2019 won on time"]

1. c4 b6 2. Nc3 Bb7 3. Nf3 e6 4. g3 f5 5. Bg2 Nf6 6. O-O Bb4 7. Qb3 a5 8. a3 Be7 9. d3 O-O 10. Ne5 Bxg2 11. Kxg2 Na6 12. Qc2 d6 13. Nc6 Qd7 14. Nxe7+ Qxe7 15. Bg5 h6 16. Bd2 Rae8 17. d4 Qd7 18. e4 Qc6 19. d5 Qxc4 20. b3 Qd4 21. Be3 Nb4 22. axb4 Qxb4 23. Ra4 Qxa4 24. bxa4 fxe4 25.
Nxe4 Nxd5 26. Nc3 Nb4 27. Qb3 Rf7 28. Nb5 Rfe7 29. f4 Nd5 30. Bf2 Kh8 31. f5 c6 32. fxe6 cxb5 33. Qxd5 1-0

[Event "*** Titled Tuesday Blitz"]
[Site "Chess.com"]
[Date "2019.07.02"]
[Round "10"]
[White "Aknok"]
[Black "vugarrasulov"]
[Result "0-1"]
[WhiteElo "2365"]
[BlackElo "2756"]
[TimeControl "180+2"]
[EndTime "15:12:03 PDT"]
[Termination "vugarrasulov won on time"]

1. d4 Nf6 2. c4 g6 3. Nc3 d5 4.
cxd5 Nxd5 5. Bd2 Bg7 6. e4 Nb6 7. Be3 O-O 8. Be2 f5 9. Qb3+ Kh8 10. Nh3 Nc6 11. Ng5 f4 12. Nf7+ Rxf7 13. Qxf7 fxe3 14. fxe3 Qg8 15. Qxg8+ Kxg8 16. Nb5 e5 17. Nxc7 Rb8 18. d5 Nd8 19. Rc1 Nf7 20. Ne8 Bh6 21. Rc7 Na8 22. Rc3 Kf8 23. Nf6 Ke7 24. O-O Bg7 25. Nxh7 Bd7 26. h3 Rh8 27. Rxf7+ Kxf7 28. Ng5+ Ke7 29. b4 Rc8 30. Rxc8 Bxc8 31. Kf2 Nb6 0-1

[Event "*** Titled Tuesday Blitz"]
[Site "Chess.com"]
[Date "2019.07.02"]
[Round "10"]
[White "VFernandezB"]
[Black "doons21"]
[Result "1-0"]
[WhiteElo "2362"]
[BlackElo "2413"]
[TimeControl "180+2"]
[EndTime "15:12:08 PDT"]
[Termination "VFernandezB won by resignation"]

1. d4 Nf6 2. c4 g6 3. g3 Bg7 4.
Bg2 O-O 5. Nf3 d6 6. O-O c6 7.
Nc3 Bf5 8. Nh4 Be6 9. d5 cxd5 10. cxd5 Bd7 11. e4 a5 12. a4 Na6 13. Nf3 Nb4 14. Nd4 Rc8 15. h3 Qb6 16. Be3 Qa6 17. Ndb5 Rc4 18. Re1 Rfc8 19. Bf1 Nxe4 20. Bxc4 Rxc4 21.
Nxe4 Rxe4 22. Rc1 Bxh3 23. Qf3 f5 24. Bg5 Bg4 25. Rc8+ Kf7 26. Rxe4 Bf6 27. Rxg4 fxg4 28. Qf4 Nxd5 29. Qc4 e6 30. Bxf6 Kxf6 31. Qxg4 Qb6 32. Qf3+ Ke5 33. Rc2 1-0

[Event "*** Titled Tuesday Blitz"]
[Site "Chess.com"]
[Date "2019.07.02"]
[Round "10"]
[White "ChessWeebs"]
[Black "ASargsyan1"]
[Result "1-0"]
[WhiteElo "2793"]
[BlackElo "2608"]
[TimeControl "180+2"]
[EndTime "15:12:09 PDT"]
[Termination "ChessWeebs won by resignation"]

1. Nf3 d5 2. g3 Nf6 3. Bg2 g6 4. O-O Bg7 5. d4 O-O 6. c4 c6 7.
cxd5 cxd5 8. Ne5 Nc6 9. Nc3 Bf5 10. Nxc6 bxc6 11. Bf4 Nd7 12. Na4 Qa5 13. Rc1 Rac8 14. b3 e5 15. dxe5 Nxe5 16. Qd2 Qa6 17. Nc5 Qb5 18. h3 h5 19. Rfd1 Rfe8 20. e4 dxe4 21. Nxe4 Nd3 22. Nd6 Qa6 23. Bf1 Nxf4 24. Bxa6 Nxh3+ 25. Kg2 Rcd8 26. Nxe8 Rxd2 27. Rxd2 Bh6 28. f4 g5 29. Rd8 Kh7 30. Nf6+ Kg6 31. Rxc6 gxf4 32. Rg8+ Bg7 33. Ne8+ Kg5 34. Rxg7+ Bg6 35. Kxh3 f3 36. Bd3 f2 37. Kg2 1-0

[Event "*** Titled Tuesday Blitz"]
[Site "Chess.com"]
[Date "2019.07.02"]
[Round "10"]
[White "KaterynaLagno"]
[Black "GelmanAlexander"]
[Result "0-1"]
[WhiteElo "2641"]
[BlackElo "2574"]
[TimeControl "180+2"]
[EndTime "15:12:09 PDT"]
[Termination "GelmanAlexander won by resignation"]

1. e4 c5 2. Nf3 e6 3. d4 cxd4 4.
Nxd4 d6 5. c4 b6 6. Nc3 Bb7 7. Be3 Nf6 8. f3 a6 9. Be2 Be7 10. O-O O-O 11. Qd2 Nbd7 12. b4 Rc8 13. Rfc1 Re8 14. Nb3 d5 15. cxd5 exd5 16. Nxd5 Bxd5 17.
exd5 Bxb4 18. Qxb4 Rxe3 19. Bxa6 Rxc1+ 20. Rxc1 Nxd5 21. Qd4 Qg5 22. Bb7 Nf4 23. Rc8+ Nf8 24.
Rd8 0-1

[Event "*** Titled Tuesday Blitz"]
[Site "Chess.com"]
[Date "2019.07.02"]
[Round "10"]
[White "DryCounty"]
[Black "Yoshkinkot"]
[Result "1-0"]
[WhiteElo "2701"]
[BlackElo "2546"]
[TimeControl "180+2"]
[EndTime "15:12:13 PDT"]
[Termination "DryCounty won by resignation"]

1. e4 c5 2. Nf3 d6 3. d4 cxd4 4. Nxd4 Nf6 5. Nc3 a6 6. a4 e6 7. Be2 Be7 8. Be3 O-O 9. a5 Bd7 10. O-O Nc6 11. Nb3 Rc8 12. Bb6 Qe8 13. f3 Nb4 14. Qd2 Bc6 15. Nd1 Bxe4 16. fxe4 d5 17. c3 Nxe4 18. Qc1 f5 19. Be3 e5 20. Nf2 f4 21.
Bb6 Qg6 22. Qd1 Nxf2 23. Rxf2 1-0

[Event "*** Titled Tuesday Blitz"]
[Site "Chess.com"]
[Date "2019.07.02"]
[Round "10"]
[White "TregubovP"]
[Black "Vegan4future"]
[Result "0-1"]
[WhiteElo "2524"]
[BlackElo "2436"]
[TimeControl "180+2"]
[EndTime "15:12:18 PDT"]
[Termination "Vegan4future won by resignation"]

1. e4 e5 2. Nf3 d6 3. d4 exd4 4. Nxd4 Nf6 5. Nc3 Be7 6. Bc4 O-O 7. O-O Re8 8. h3 Bf8 9. Re1 Nbd7 10. Bg5 c6 11. a4 Ne5 12. Bb3 Ng6 13. Qf3 Be7 14. Nf5 Ne5 15. Nxe7+ Qxe7 16. Qg3 Ng6 17. Rad1 d5 18. e5 Nxe5 19. Bxf6 Qxf6 20. f4 Bf5 21. Rxe5 Rxe5 22. fxe5 Qh6 23. Ne2 Re8 24. Nd4 Be4 25.
c3 Qh5 26. Bc2 Bxc2 27. Nxc2 Qxd1+ 0-1

[Event "*** Titled Tuesday Blitz"]
[Site "Chess.com"]
[Date "2019.07.02"]
[Round "10"]
[White "Komissarov_alex"]
[Black "Synctel"]
[Result "1-0"]
[WhiteElo "2120"]
[BlackElo "1993"]
[TimeControl "180+2"]
[EndTime "15:12:20 PDT"]
[Termination "Komissarov_alex won by resignation"]

1. e4 e6 2. d4 d5 3. Nc3 Nf6 4. Bg5 Bb4 5. e5 h6 6. Bd2 Bxc3 7. bxc3 Ne4 8. Qg4 g6 9. Bd3 Nxd2 10. Kxd2 c5 11.
h4 Nc6 12. Rh3 Bd7 13. Rf3 Qc7 14. Rxf7 O-O-O 15. Nf3 cxd4 16. cxd4 Nb4 17. Qxg6 Rhg8 18. Rg7 Rxg7 19. Qxg7 Nxd3 20. cxd3 Qa5+ 21. Ke3 Qc3 22. Rd1 Ba4 23. Rd2 1-0

[Event "*** Titled Tuesday Blitz"]
[Site "Chess.com"]
[Date "2019.07.02"]
[Round "10"]
[White "FMJoseHerrera"]
[Black "deBaller"]
[Result "0-1"]
[WhiteElo "2584"]
[BlackElo "2372"]
[TimeControl "180+2"]
[EndTime "15:12:32 PDT"]
[Termination "deBaller won by resignation"]

1. f3 e5 2. g3 d5 3. Kf2 Nc6 4. Kg2 f5 5. h4 Nf6 6. d3 Bd6 7. Nc3 O-O 8. e4 fxe4 9. dxe4 dxe4 10. fxe4 Nd4 11. Bg5 h6 12. Bc4+ Kh8 13. Qd2 Be6 14. Nd5 Bxd5 15. Bxd5 c6 16. Bc4 Nxe4 17. Qe2 Nxg5 18.
hxg5 Nxe2 19. gxh6 Nxg1 20. hxg7+ Kxg7 21. Raxg1 Bc5 22.
Rd1 Rf2+ 23. Kh3 Qc8+ 24. g4 Rf3+ 25. Kh2 Qxg4 0-1